 Dungeon Crawl Stone Soup version 0.30-a0-341-g682706514a (webtiles) character file.

Game seed: 4473553445271217300

179 ragingrage the Firebug (level 5, -2/38 HPs)
             Began as a Draconian Fire Elementalist on Nov 1, 2022.
             Was a Follower of Vehumet.
             Slain by Edmund
             ... wielding a +2 vorpal dire flail
              (3 damage)
             ... on level 4 of the Dungeon.
             The game lasted 00:04:34 (4236 turns).

ragingrage the Firebug (DrFE)                       Turns: 4236, Time: 00:04:35

Health: -2/38      AC:  7    Str: 10    XL:     5   Next: 33%
Magic:  1/8        EV: 16    Int: 17    God:    Vehumet [*.....]
Gold:   196        SH:  0    Dex: 12    Spells: 2/8 levels left

rFire   . . .      SeeInvis .    j - +0 mace
rCold   + . .      Faith    .    (no shield)
rNeg    . . .      Spirit   .    (body armour unavailable)
rPois   .          Reflect  .    (helmet restricted)
rElec   .          Harm     .    (no cloak)
rCorr   .          Rampage  .    g - +0 pair of gloves
Will    .....                    r - +0 pair of boots
Stlth   ++........               (no amulet)
HPRegen 0.26/turn                t - ring of protection from cold
MPRegen 0.11/turn                l - +4 ring of evasion

@: no status effects
A: AC +5, unfitting armour, cold-blooded
a: Renounce Religion


You were on level 4 of the Dungeon.
You worshipped Vehumet.
Vehumet was aware of your devotion.
You visited 1 branch of the dungeon, and saw 4 of its levels.

You collected 196 gold pieces.

Inventory:

Hand Weapons
 j - a +0 mace (weapon)
Missiles
 v - 2 poisoned darts
Armour
 g - a +0 pair of gloves (worn)
 r - a +0 pair of boots (worn)
Jewellery
 l - a +4 ring of evasion (right hand)
 t - a ring of protection from cold (left hand)
Scrolls
 c - a scroll of torment
 d - 2 scrolls of identify
 n - a scroll of magic mapping
 w - a scroll of enchant weapon {unknown}
Potions
 a - a potion of magic
 b - a potion of attraction {unknown}
 e - a potion of might {unknown}
 f - 3 potions of heal wounds
 h - a potion of berserk rage {unknown}
 i - a potion of ambrosia {unknown}
 k - 2 potions of flight {unknown}
 m - a potion of mutation {unknown}
 o - 2 potions of haste
 s - 2 potions of lignification {unknown}
 u - a potion of curing {unknown}


   Skills:
 - Level 1.7 Dodging
 - Level 1.7 Stealth
 - Level 2.0 Spellcasting
 + Level 3.5 Conjurations
 * Level 4.9 Fire Magic


You had 2 spell levels left.
You knew the following spells:

 Your Spells              Type           Power      Damage    Failure   Level
a - Foxfire               Conj/Fire      64%        2x1d7     3%          1
b - Scorch                Fire           36%        2d7       3%          2
c - Inner Flame           Hex/Fire       10%        N/A       22%         3

Your spell library contained the following spells:

 Spells                   Type           Power      Damage    Failure   Level
 Magic Dart               Conj           52%        1d5       4%          1
 Kindle Blastsparks       Fire/Tloc/Air  14%        2d11      30%         3
 Flame Wave               Conj/Fire      16%        2d7       32%         4


Dungeon Overview and Level Annotations

Branches:
Dungeon (4/15)
 Temple: D:4-7

Altars:
Gozag
Vehumet

Annotations:
D:4 Dowan, Duvessa, Edmund


Innate Abilities, Weirdness & Mutations

Your plain brown scales are hard. (AC +5)
You cannot fit into any form of body armour.
You are cold-blooded and may be slowed by cold attacks.


Message History

Edmund is lightly wounded.
The foxfire hits Edmund but does no damage.
Edmund is lightly wounded.
Edmund hits you with a +2 vorpal dire flail!
Casting: Foxfire (safe; 3% risk of failure)
Press: ? - help, Q - select action, (/) - cycle Dir - look around, f - activate You conjure some foxfire!
The foxfire hits Edmund.
Edmund is burned terribly!
Edmund is moderately wounded.
The foxfire hits Edmund!
Edmund is burned terribly!
Edmund is heavily wounded.
Edmund hits you with a +2 vorpal dire flail.
* * * LOW HITPOINT WARNING * * *
x2
Casting: Foxfire (safe; 3% risk of failure)
Press: ? - help, Q - select action, (/) - cycle Dir - look around, f - activate You conjure some foxfire!
The foxfire hits Edmund!
Edmund is burned terribly!
Edmund is severely wounded.
The foxfire hits Edmund.
Edmund is burned terribly!
Edmund is severely wounded.
Edmund completely misses you.
Casting: Foxfire (safe; 3% risk of failure)
Press: ? - help, Q - select action, (/) - cycle Dir - look around, f - activate You conjure some foxfire!
Edmund is no longer more vulnerable to fire.
The foxfire hits Edmund but does no damage.
Edmund is severely wounded.
The foxfire hits Edmund but does no damage.
Edmund is severely wounded.
Edmund drinks a potion.
Edmund is healed!
Your foxfire dissipates!
The foxfire hits Edmund.
Edmund is lightly wounded.
As you read the scroll labelled GACIMM AMMASA, it crumbles to dust.
It is a scroll of amnesia.
Really abort (and waste the scroll)?
Okay, then.
Edmund hits you with a +2 vorpal dire flail!
* * * LOW HITPOINT WARNING * * *
You die...

#..!....##..#####.#
#####..####.....#.# ##.* #.###.#.#
#.* ##.# #...#
*********#.###..####..###########
,,,,,,,,,......###..........#....
*********###...###.##...)........
**,,*8$.#........#............
****,,**_.$.$..@@................
,,**,***8$.#....ยง...#............
,,,,,* ****#####.#.##............
,,**** #...##............ ,,*
#..#.............. ,,*
##...#.#.....#.... ,,*
#...#.########### *** #.#.#.#
*****,*,,,*


You could see Edmund.

Vanquished Creatures
  A gnoll bouda (D:3)
  6 gnolls
  2 adders
  7 dart slugs
  An orc (D:3)
  5 ball pythons
  2 endoplasms
  3 giant cockroaches
  4 goblins
  10 hobgoblins
  4 jackals (D:1)
  3 quokkas
  3 bats
  3 frilled lizards
  3 kobolds
  3 rats
60 creatures vanquished.

Vanquished Creatures (others)
  194 foxfires
194 creatures vanquished.

Grand Total: 254 creatures vanquished

Notes
Turn   | Place    | Note
-------+----------+-------------------------------------------
     0 | D:1      | ragingrage the Draconian Fire Elementalist began the quest
                  | for the Orb.
     0 | D:1      | Reached XP level 1. HP: 14/14 MP: 3/3
   260 | D:1      | Reached XP level 2. HP: 13/20 MP: 1/5
  1177 | D:1      | Reached XP level 3. HP: 24/26 MP: 4/6
  1250 | D:2      | Learned a level 2 spell: Scorch
  1254 | D:2      | Learned a level 3 spell: Inner Flame
  1751 | D:2      | Reached skill level 4 in Fire Magic
  2268 | D:3      | Found a faded altar of an unknown god.
  2388 | D:3      | Reached XP level 4. HP: 33/33 MP: 5/7
  2566 | D:3      | Prayed at the altar of an unknown god.
  2566 | D:3      | Became a worshipper of Vehumet
  2566 | D:3      | Reached * piety under Vehumet
  2566 | D:3      | Offered knowledge of Magic Dart by Vehumet.
  3604 | D:4      | Noticed Duvessa
  3605 | D:4      | Noticed Dowan
  3882 | D:3      | Reached XP level 5. HP: 20/38 MP: 4/8
  4226 | D:4      | Noticed Edmund
  4228 | D:4      | Found an opulent altar of Gozag.
  4236 | D:4      | HP: 1/38 [Edmund/+2 vorpal dire flail (10)]
  4236 | D:4      | Slain by Edmund

Illustrated notes

Levels and vault maps discovered:
D:1:      zaba_arrival_water, layout_loops_ring
D:2:      layout_basic, minmay_misc_feat_encased, minmay_liquid_box
D:3:      layout_loops_cross, ebering_ecumenical_altar_webs,
          kennysheep_generic_room_8
D:4:      layout_rooms, grunt_gozag_breadcrumbs, lexackson_kobold_supper,
          uniq_duvessa, uniq_ijyb, uniq_edmund

Skill      XL: |  1  2  3  4 |
---------------+-------------+-----
Conjurations   | 2 3 |  3.5
Fire Magic     | 4 |  4.9
Dodging        | |  1.7
Stealth        | |  1.7
Spellcasting   | |  2.0

Action                   |  1- 3 |  4- 6 || total
-------------------------+-------+-------++-------
Melee: Unarmed           |    66 |       ||    66
       Tailslap          |     9 |     4 ||    13
       Mace              |     4 |    20 ||    24
 Cast: Foxfire           |    73 |    49 ||   122
       Scorch            |     1 |    10 ||    11
  Use: Scroll            |       |     5 ||     5
       Potion            |       |     2 ||     2
 Stab: Sleeping          |       |     1 ||     1
Armor: Skin              |    29 |    10 ||    39
Dodge: Dodged            |    84 |    39 ||   123

Table legend: (Time is in decaauts)
 A = Elapsed time spent in this place.
 B = Non-inter-level travel time spent in this place.
 C = Inter-level travel time spent in this place.
 D = Time resting spent in this place.
 E = Time spent auto-exploring this place.
 F = Levels seen in this place.
 G = Mean time per level.
                   A        B        C        D        E       F      G
               +--------+--------+--------+--------+--------+-----+--------+
         Total |   4261 |   4043 |    218 |   1038 |   2293 |   4 | 1065.2 |
       Dungeon |   4261 |   4043 |    218 |   1038 |   2293 |   4 | 1065.2 |
               +--------+--------+--------+--------+--------+-----+--------+

Top non-repeatable levels by time:
     D:2: 1407 daAuts
     D:1: 1246 daAuts
     D:3: 1123 daAuts
     D:4: 483 daAuts
